 Dungeon Crawl Stone Soup version 0.25-a0-940-gc6eaff51cc (webtiles) character file.

Game seed: 15079911324417957671, levelgen mode: deterministic

972 kae the Frost Mage (level 8, -1/52 HPs)
             Began as a Merfolk Ice Elementalist on May 5, 2020.
             Killed from afar by an orc wizard (8 damage)
             ... with a magic dart
             ... on level 8 of the Dungeon.
             The game lasted 00:06:42 (6005 turns).

kae the Frost Mage (Merfolk Ice Elementalist)       Turns: 6005, Time: 00:06:43

Health: -1/52      AC:  8    Str:  9    XL:     8   Next: 16%
Magic:  13/15      EV: 13    Int: 16    God:
Gold:   182        SH:  0    Dex: 14    Spells: 10/17 levels left

rFire    . . .     SeeInvis .   l - +2 falchion (elec)
rCold    . . .     Gourm    .   (no shield)
rNeg     . . .     Faith    .   a - +0 robe
rPois    +         Spirit   .   p - +0 helmet
rElec    .         Reflect  .   (no cloak)
rCorr    .         Harm     .   i - +2 pair of gloves
MR       +....                  e - +1 pair of boots
Stlth    ++........             (no amulet)
HPRegen  0.17/turn              k - ring of protection from magic
MPRegen  0.14/turn              q - ring of poison resistance

@: about to teleport, frozen ramparts, very slightly contaminated, lightly
drained
A: change form in water, swift swim, stealthy swim
a: no special abilities


You were on level 8 of the Dungeon.
You were near starving.

You visited 1 branch of the dungeon, and saw 7 of its levels.
You also visited: Sewer.

You collected 206 gold pieces.
You spent 24 gold pieces at shops.

Inventory:

Hand Weapons
 d - a +0 whip
 f - a +0 hand axe
 l - a +2 falchion of electrocution (weapon)
Armour
 a - a +0 robe (worn)
 e - a +1 pair of boots (worn)
 i - a +2 pair of gloves (worn)
 p - a +0 helmet (worn)
Jewellery
 k - a ring of protection from magic (left hand)
 o - an uncursed amulet of harm
 q - a ring of poison resistance (right hand)
Wands
 r - a wand of paralysis (9)
Scrolls
 b - a scroll of remove curse
 n - 3 scrolls of noise
 w - 5 scrolls of teleportation
 A - 2 scrolls of magic mapping
Potions
 g - a potion of ambrosia
 h - 2 potions of curing
 j - a potion of resistance
 m - a potion of lignification {unknown}
 t - 3 potions of might {unknown}
 u - 3 potions of heal wounds {unknown}
 v - a potion of mutation {unknown}
 z - 2 potions of haste {unknown}
 B - a potion of magic {unknown}
Comestibles
 c - 6 rations


   Skills:
 - Level 2.6(2.3) Dodging
 - Level 2.1(1.8) Stealth
 + Level 5.1(4.7) Spellcasting
 * Level 9.3(8.9) Ice Magic


You had 10 spell levels left.
You knew the following spells:

 Your Spells              Type           Power        Failure   Level  Hunger
a - Freeze                Ice            ####         1%          1    None
b - Frozen Ramparts       Ice            ####..       1%          3    ###....
c - Ozocubu's Armour      Chrm/Ice       ###.....     8%          3    ###....

Your spell library contained the following spells:

 Spells                   Type           Power        Failure   Level  Hunger
 Magic Dart               Conj           #...         16%         1    None
 Searing Ray              Conj           #.....       24%         2    ##.....
 Hailstorm                Conj/Ice       ###.....     26%         4    ####...
 Summon Ice Beast         Ice/Summ       ###.....     26%         4    ####...
 Dazzling Flash           Conj/Hex       #.....       43%         3    ###....
 Fulminant Prism          Conj/Hex       #.........   83%         4    ####...
 Iskenderun's Mystic Bla  Conj/Tloc      #.......     83%         4    ####...


Dungeon Overview and Level Annotations

Branches:
Dungeon (8/15)              Sewer (visited)
 Temple: D:4-7         Lair: D:8-11

Altars:
Ashenzari
Cheibriados
Sif Muna
The Shining One

Shops:
D:4 *

Annotations:
D:5 Prince Ribbit


Message History

* * * LOW HITPOINT WARNING * * *
The wall freezes the orc wizard.
The orc wizard casts a spell.
The orc wizard blinks!
Okay, then.
Okay, then.
You see here 13 arrows.
The wall freezes the orc warrior.
Blink to where?
Press: ? - help, Dir - move target cursor You are very lightly contaminated with residual magic.
As you read the scroll of blinking, it crumbles to dust.
The orc wizard gestures at you while chanting.
The magic dart hits you!
* * * LOW HITPOINT WARNING * * *
As you read the scroll of teleportation, it crumbles to dust.
You feel strangely unstable. The orc wizard casts a spell at you.
The magic dart hits you!
You die...

.# .# .##.# ..
####...... ...
#.........
....#####........##
...................
...##...........#
#......@[......#####
....#####............##
.## ##.............##
#...............#
#...............#
#...............#
#.o...o.).......#
#ยง..............#
#........<......#


You could see an orc warrior and an orc wizard.

Vanquished Creatures
  An ogre (D:8)
  2 bullfrogs (Sewer)
  A scorpion (D:5)
  3 crimson imps
  A bullfrog zombie (D:5)
  An orc priest (D:3)
  A hound (D:4)
  2 jellies (D:5)
  A worker ant (D:3)
  4 orc wizards
  6 gnolls
  9 adders
  5 river rats
  An ooze (Sewer)
  4 worms
  A leopard gecko (D:2)
  8 orcs
  9 giant cockroaches
  5 goblins
  9 hobgoblins
  7 jackals
  4 kobolds
  3 quokkas
  17 ball pythons
  6 bats
  8 frilled lizards
  38 rats
157 creatures vanquished.

Notes
Turn   | Place    | Note
-------+----------+-------------------------------------------
     0 | D:1      | kae the Merfolk Ice Elementalist began the quest for the
                  | Orb.
     0 | D:1      | Reached XP level 1. HP: 13/13 MP: 3/3
   460 | D:1      | Reached XP level 2. HP: 19/19 MP: 3/5
   799 | D:1      | Reached skill level 5 in Ice Magic
  1043 | D:1      | Found a shattered altar of Ashenzari.
  1060 | D:1      | Reached XP level 3. HP: 24/24 MP: 4/6
  1603 | D:2      | Found a snail-covered altar of Cheibriados.
  1843 | D:1      | Learned a level 3 spell: Frozen Ramparts
  2031 | D:2      | Reached XP level 4. HP: 30/30 MP: 5/8
  2771 | D:3      | Reached skill level 6 in Ice Magic
  2918 | D:3      | Reached XP level 5. HP: 29/35 MP: 3/9
  3456 | D:3      | Reached XP level 6. HP: 25/41 MP: 3/11
  3916 | D:3      | Reached skill level 7 in Ice Magic
  4272 | D:4      | Found Batiobb's General Store.
  4275 | D:4      | Bought a scroll of identify for 24 gold pieces
  4386 | D:4      | Found a glowing golden altar of the Shining One.
  4389 | D:4      | Found a shimmering blue altar of Sif Muna.
  4600 | D:4      | Found a glowing drain.
  4619 | Sewer    | Entered a sewer
  4966 | Sewer    | Reached XP level 7. HP: 46/46 MP: 10/13
  5125 | Sewer    | Reached skill level 8 in Ice Magic
  5608 | D:5      | Entered Level 5 of the Dungeon
  5815 | D:5      | Noticed Prince Ribbit
  5826 | D:5      | Reached skill level 9 in Ice Magic
  5894 | D:5      | Reached XP level 8. HP: 52/52 MP: 11/15
  5925 | D:5      | You fall into a shaft and drop 3 floors!
  5928 | D:8      | Reached skill level 5 in Spellcasting
  5990 | D:8      | Learned a level 3 spell: Ozocubu's Armour
  6005 | D:8      | Killed from afar by an orc wizard

Levels and vault maps discovered:
D:1:      ncdulo_watergridlock, layout_basic, ashenzari_altar_1
D:2:      layout_rooms, cheibriados_altar_1, first_ration
D:3:      layout_basic
D:4:      layout_loops_corners, chequers_temple_overflow_statue_of_worship,
          serial_shops, nicolae_shop_behind_doors, portal_sewer_entry_e
D:5:      layout_basic, yredelemnul_forgotten_temple_becter,
          minmay_temple_entry_antechambers, chequers_serial_rivers_large_b,
          uniq_prince_ribbit1, uniq_crazy_yiuf_cottage, uniq_eustachio
D:7:      layout_rooms, minmay_overflow_temple_star_quad,
          nicolae_overflow_crystal_walls, nicolae_ru_great_annihilating_truth
D:8:      layout_rooms, dancing_weapons_uskayaw, erik_lair_dragon

Skill      XL: |  1  2  3  4  5  6  7  8 |
---------------+-------------------------+-----
Ice Magic      | 5 6 7 9 |  9.3
Spellcasting   | 3 4 5 |  5.1
Dodging        | |  2.6
Stealth        | |  2.1

Action                   |  1- 3 |  4- 6 |  7- 9 || total
-------------------------+-------+-------+-------++-------
Melee: Unarmed           |    17 |       |       ||    17
       Whip              |     6 |       |       ||     6
       Hand axe          |     5 |     9 |       ||    14
       Falchion          |       |    20 |    26 ||    46
       Tailslap          |       |     1 |     1 ||     2
 Cast: Freeze            |    50 |   118 |    44 ||   212
       Frozen Ramparts   |     1 |     2 |     1 ||     4
  Use: Scroll            |       |     8 |     5 ||    13
 Stab: Sleeping          |       |     1 |       ||     1
  Eat: Chunk             |     3 |    11 |     1 ||    15
Armor: Robe              |    16 |    29 |    20 ||    65
Dodge: Dodged            |    65 |    75 |    68 ||   208
       Rpst.: Falchion   |       |     5 |    16 ||    21

Table legend:
 A = Non-vault XP
 B = Vault XP
 C = Vault XP percentage of total XP
 D = Non-vault monster count
 E = Vault monster count
 F = Vault count percentage of total count
                 A         B        C        D         E       F
            +---------+---------+-------+---------+---------+-------
      Total |    1025 |     364 |  26.2 |     101 |      56 |  35.7
            +---------+---------+-------+---------+---------+-------
        D:1 |      35 |       0 |   0.0 |      21 |       0 |   0.0
        D:2 |      58 |       0 |   0.0 |      18 |       0 |   0.0
        D:3 |     296 |       0 |   0.0 |      42 |       0 |   0.0
        D:4 |     171 |      25 |  12.8 |      11 |       8 |  42.1
        D:5 |     297 |       0 |   0.0 |       7 |       0 |   0.0
        D:8 |     168 |       0 |   0.0 |       2 |       0 |   0.0
      Sewer |       0 |     339 | 100.0 |       0 |      48 | 100.0
            +---------+---------+-------+---------+---------+-------
